 Dungeon Crawl Stone Soup version 0.31-a0-210-gccc998df9b (webtiles) character file.

Game seed: 4617862464920449508

304 qw the Shooter (level 6, -2/52 HPs)
             Began as a Minotaur Hexslinger on June 29, 2023.
             Succumbed to a gnoll's poison
             ... on level 4 of the Dungeon.
             The game lasted 00:00:57 (2567 turns).

qw the Shooter (Minotaur Hexslinger)                Turns: 2567, Time: 00:00:58

Health: -2/52      AC:  3    Str: 13    XL:     6   Next: 15%
Magic:  6/6        EV: 12    Int: 10    God:
Gold:   117        SH:  0    Dex: 14    Spells: 6/7 levels left

rFire   . . .        m - +1 arbalest (heavy)
rCold   . . .        (shield currently unavailable)
rNeg    . . .        f - +0 leather armour
rPois   .            (helmet restricted)
rElec   .            (no cloak)
rCorr   +            (no gloves)
SInv    .            (no boots)
Will    .....        (no amulet)
Stlth   +            b - +4 ring of slaying {mikee}
HPRegen 0.28/turn    p - ring of resist corrosion
MPRegen 0.10/turn

%: no passive effects
@: lethally poisoned (-2 -> -37), about to teleport
A: horns 2, retaliatory headbutt
a: no special abilities


You were on level 4 of the Dungeon.
You visited 1 branch of the dungeon, and saw 4 of its levels.

You collected 117 gold pieces.


Innate Abilities, Weirdness & Mutations

You have a pair of horns on your head.
You reflexively headbutt those who attack you in melee.


   Skills:
 - Level 4.2 Fighting
 + Level 6.1 Ranged Weapons
 - Level 2.1 Dodging
 - Level 1.0 Spellcasting
 - Level 2.0 Hexes


You had 6 spell levels left.
You knew the following spells:

 Your Spells              Type           Power      Damage    Failure   Level
a - Slow                  Hex            16%        N/A       19%         1

Your spell library contained the following spells:

 Spells                   Type           Power      Damage    Failure   Level
 Inner Flame              Hex/Fire       2%         N/A       65%         3
 Portal Projectile        Hex/Tloc       4%         N/A       65%         3
 Cause Fear               Hex            2%         N/A       88%         4

Inventory:

Hand Weapons
 m - a +1 heavy arbalest (weapon)
Armour
 f - a +0 leather armour (worn)
 o - a +0 ring mail
Jewellery
 b - a +4 ring of slaying (left hand) {mikee}
 p - a ring of resist corrosion (right hand)
Scrolls
 c - a scroll of identify
 h - 2 scrolls of enchant armour
Potions
 a - a potion of haste
 d - a potion of heal wounds
 e - a potion of attraction {unknown}
 g - a potion of curing
 i - a potion of cancellation
 j - a potion of lignification {unknown}
 k - a potion of magic {unknown}
 l - a potion of enlightenment

Dungeon Overview and Level Annotations

Branches:
Dungeon (4/15)
 Temple: D:4-7

Altars:


Message History

Your Fighting skill increases to level 4!
You have reached level 6!
You shoot a bolt. The bolt hits the gnoll!
The gnoll is severely wounded.
You shoot a bolt. The bolt barely misses the gnoll.
The gnoll throws a throwing net.
The throwing net closely misses you.
A gnoll comes into view. It is wielding a +2 spear of venom.
The gnoll hits you with a +0 flail!
You shoot a bolt. The bolt hits the gnoll!!
You kill the gnoll!
The adder bites you.
You are poisoned.
The adder poisons you! The adder barely misses you.
A gnoll comes into view. It is wielding a +0 flail.
The adder misses you.
You shoot a bolt. The bolt closely misses the adder.
The gnoll shouts!
You feel very sick. The adder bites you but does no damage.
The adder closely misses you. You furiously retaliate!
You headbutt the adder!
You kill the adder!
You shoot a bolt. The bolt closely misses the gnoll.
You feel very sick.
You are no longer poisoned.
The gnoll barely misses you. x2
You shoot a bolt. The bolt hits the gnoll!
The gnoll is severely wounded.
The gnoll hits you from afar with a +2 spear of venom.
You are poisoned.
The gnoll hits you from afar with a +2 spear of venom!
You are lethally poisoned!
A gnoll comes into view. It is wielding a +0 club.
The gnoll hits you with a +0 flail.
The gnoll hits you from afar with a +2 spear of venom.
You are more poisoned.
The gnoll hits you with a +0 flail!
The gnoll moves out of view.
2567 ||| READING scroll of teleportation.
As you read the scroll of teleportation, it crumbles to dust.
You feel strangely unstable.
You die...

########### #
#..<.....>. )# .
.#######.#^......#
...#.
#........#.#######
.#...##.#######..#
.....g. ##..##
......%### ##..##
##g@.###..##
#.%...%..##
#........#
#........#(########
###.######.)......#
#. ###......# #.
#..>...# #.
#......# ##.....#


You could see 2 gnolls.

Vanquished Creatures
  A phantom (D:3)
  A scorpion (D:4)
  An iguana (D:4)
  2 gnolls
  5 adders
  A dart slug (D:1)
  4 orcs
  5 bats
  7 endoplasms
  2 giant cockroaches
  7 hobgoblins
  5 jackals
  7 kobolds
  5 quokkas
  3 ball pythons
  5 frilled lizards
  5 goblins
  6 rats
72 creatures vanquished.

Notes
Turn   | Place    | Note
-------+----------+-------------------------------------------
     0 | D:1      | qw the Minotaur Hexslinger began the quest for the Orb.
     0 | D:1      | Reached XP level 1. HP: 16/16 MP: 1/1
     0 | D:1      | 0 ||| qw: Version: 0.3-a-24-ga2abf7b
     0 | D:1      | 0 ||| qw: Game counter: 6797
     0 | D:1      | 0 ||| qw: Melee chars always use a shield: true
     0 | D:1      | 0 ||| qw: God list: Okawaru
     0 | D:1      | 0 ||| qw: Allow faded altars: false
     0 | D:1      | 0 ||| qw: Do Orc after clearing Dungeon:15 true
     0 | D:1      | 0 ||| qw: Do second Lair branch before Depths: true
     0 | D:1      | 0 ||| qw: Lair rune preference: random
     0 | D:1      | 0 ||| qw: Goals: Normal
     0 | D:1      | 0 ||| PLANNING D:1-11
     4 | D:1      | 4 ||| FLEEEEING.
     5 | D:1      | 5 ||| FLEEEEING.
    97 | D:1      | Reached skill level 3 in Ranged Weapons
    97 | D:1      | Reached XP level 2. HP: 23/23 MP: 2/2
   108 | D:1      | Found a faded altar of an unknown god.
   218 | D:1      | 218 ||| FLEEEEING.
   222 | D:1      | 222 ||| FLEEEEING.
   223 | D:1      | 223 ||| FLEEEEING.
   224 | D:1      | 224 ||| FLEEEEING.
   225 | D:1      | 225 ||| FLEEEEING.
   226 | D:1      | 226 ||| FLEEEEING.
   227 | D:1      | 227 ||| FLEEEEING.
   228 | D:1      | 228 ||| FLEEEEING.
   341 | D:1      | Reached XP level 3. HP: 29/29 MP: 3/3
   507 | D:1      | 507 ||| UPGRADING to +0 leather armour.
   517 | D:1      | 517 ||| DROPPING +0 robe.
   518 | D:1      | 518 ||| READING scroll labelled FERILU RODUTIM.
   519 | D:1      | 519 ||| DRINKING 2 fizzy sapphire potions.
   520 | D:1      | 520 ||| DROPPING scroll of poison.
   794 | D:2      | Reached skill level 4 in Ranged Weapons
   840 | D:2      | 840 ||| READING scroll labelled HIMIRU ZYXAXE.
   841 | D:2      | 841 ||| READING scroll labelled ADOUHI GUOTO.
   907 | D:2      | 907 ||| READING scroll labelled GUISMEICOPN.
   909 | D:2      | 909 ||| READING scroll labelled ZITHON RENTUZAOST.
  1391 | D:2      | 1391 ||| UPGRADING to +4 ring of slaying {mikee}.
  1392 | D:2      | 1392 ||| READING scroll labelled FIPSO RAODUKLY.
  1393 | D:2      | 1393 ||| DRINKING 2 bubbling white potions.
  1394 | D:2      | 1394 ||| READING 3 scrolls of identify.
  1394 | D:2      | 1394 ||| IDENTIFYING amethyst potion
  1395 | D:2      | 1395 ||| READING 2 scrolls of identify.
  1395 | D:2      | 1395 ||| IDENTIFYING inky potion
  1396 | D:2      | 1396 ||| DROPPING potion of brilliance.
  1479 | D:3      | Reached XP level 4. HP: 36/36 MP: 4/4
  1838 | D:3      | Noticed a phantom
  1850 | D:3      | Killed a phantom
  1851 | D:3      | Reached skill level 5 in Ranged Weapons
  1851 | D:3      | Reached XP level 5. HP: 31/41 MP: 5/5
  2356 | D:3      | 2356 ||| UPGRADING to ring of resist corrosion.
  2357 | D:3      | 2357 ||| READING scroll labelled OGGYM LUTHORE.
  2357 | D:3      | Identified a scroll of acquirement
  2357 | D:3      | 2357 ||| ACQUIRING +1 heavy arbalest
  2357 | D:3      | Acquired a +1 heavy arbalest
  2359 | D:3      | 2359 ||| SWAPPING to +1 heavy arbalest.
  2360 | D:3      | 2360 ||| DROPPING +1 sling.
  2361 | D:3      | 2361 ||| READING scroll labelled BOUJYEFEMY.
  2435 | D:3      | 2435 ||| DRINKING 2 brown potions.
  2436 | D:3      | 2436 ||| DRINKING 2 cyan potions.
  2529 | D:4      | Reached skill level 3 in Fighting
  2532 | D:4      | Reached skill level 6 in Ranged Weapons
  2561 | D:4      | Reached XP level 6. HP: 52/52 MP: 6/6
  2566 | D:4      | HP: 6/52 [gnoll/+0 flail[a gnoll bouda] (12)]
  2567 | D:4      | 2567 ||| READING scroll of teleportation.
  2567 | D:4      | Succumbed to a gnoll's poison

Levels and vault maps discovered:
D:1:      dpeg_arrival_stonehenge_8_columns, layout_rooms,
          hellmonk_ecumenical_altar_heavens_door
D:2:      layout_loops_corners, serial_glass, glass_columns_a, glass_columns_b,
          glass_columns_b, glass_columns_a, glass_columns_c, glass_columns_a,
          glass_columns_b, glass_columns_b, glass_columns_a, glass_columns_c,
          glass_columns_a, glass_columns_a, glass_columns_b, glass_columns_b,
          minmay_statues_item
D:3:      minmay_recursive_quarters, layout_basic, minmay_between
D:4:      layout_rooms, mainiacjoe_overflow_small_starburst, serial_shops, shop,
          eino_small_chamber_without_monster, serial_bayou_pond_a

Skill      XL: |  1  2  3  4  5 |
---------------+----------------+-----
Ranged Weapons | 3 4 5 6 |  6.1
Fighting       | 2 4 |  4.2
Dodging        | |  2.1
Spellcasting   | |  1.0
Hexes          | |  2.0

Action                     |  1- 3 |  4- 6 || total
---------------------------+-------+-------++-------
   Fire: Sling             |   134 |    33 ||   167
         Arbalest          |       |    16 ||    16
    Use: Scroll            |     8 |     3 ||    11
         Potion            |     2 |     2 ||     4
 Armour: Robe              |     5 |       ||     5
         Leather armour    |     5 |     4 ||     9
  Dodge: Dodged            |    29 |    20 ||    49

Table legend:
 A = Non-vault XP
 B = Vault XP
 C = Vault XP percentage of total XP
 D = Non-vault monster count
 E = Vault monster count
 F = Vault count percentage of total count
                 A         B        C        D         E       F
            +---------+---------+-------+---------+---------+-------
      Total |     276 |     159 |  36.6 |      57 |      15 |  20.8
            +---------+---------+-------+---------+---------+-------
        D:1 |      46 |       0 |   0.0 |      20 |       0 |   0.0
        D:2 |      50 |       0 |   0.0 |      23 |       0 |   0.0
        D:3 |      10 |     159 |  94.1 |       5 |      15 |  75.0
        D:4 |     170 |       0 |   0.0 |       9 |       0 |   0.0
            +---------+---------+-------+---------+---------+-------
